 Dungeon Crawl Stone Soup version 0.22-a0-109-gbeb7240 (webtiles) character file.

96 Kavrick the Skirmisher (level 4, -3/35 HPs)
             Began as a Demonspawn Fighter on Jan 26, 2018.
             Killed by divine providence
             ... invoked by an orc priest
              (14 damage)
             ... on level 2 of the Dungeon.
             The game lasted 00:02:26 (1552 turns).

Kavrick the Skirmisher (Demonspawn Fighter)         Turns: 1552, Time: 00:02:27

Health: -3/35      AC: 11    Str: 17    XL:     4   Next: 41%
Magic:  4/4        EV:  4    Int:  9    God:
Gold:   84         SH:  9    Dex: 13    Spells: 3/3 levels left

rFire    + . .     SeeInvis .   a - +0 long sword
rCold    . . .     Gourm    .   c - +0 shield
rNeg     . . .     Faith    .   h - +0 chain mail
rPois    .         Spirit   .   (no helmet)
rElec    .         Reflect  .   (no cloak)
rCorr    .         Harm     .   n - +0 pair of gloves
MR       .....                  o - +0 pair of boots
Stlth    ..........             (no amulet)
HPRegen  0.11/turn              (no ring)
MPRegen  0.09/turn              (no ring)

@: no status effects
A: demonic guardian 1, fire resistance 1
a: no special abilities


You were on level 2 of the Dungeon.
You were not hungry.

You visited 1 branch of the dungeon, and saw 2 of its levels.

You collected 84 gold pieces.

Inventory:

Hand Weapons
 a - a +0 long sword (weapon)
Armour
 c - a +0 shield (worn)
 h - a +0 chain mail (worn)
 n - a +0 pair of gloves (worn)
 o - a +0 pair of boots (worn)
Jewellery
 i - an uncursed amulet of harm {unknown}
 l - a cursed -3 ring of protection {unknown}
Scrolls
 e - 2 scrolls of identify {unknown}
 j - 2 scrolls of teleportation {unknown}
Potions
 d - 2 potions of might
 k - 3 potions of flight {unknown}
 m - a potion of curing {unknown}
Comestibles
 b - 6 chunks of flesh
 f - 3 rations


   Skills:
 + Level 3.5 Fighting
 * Level 3.0 Long Blades
 + Level 3.2 Armour
 - Level 0.1 Dodging
 + Level 3.2 Shields


You had 3 spell levels left.
You didn't know any spells.

Dungeon Overview and Level Annotations

Branches:
Dungeon (2/15)

Altars:
Elyvilon
Trog


Innate Abilities, Weirdness & Mutations

A weak demonic guardian rushes to your aid.
Your flesh is heat resistant. (rF+)


Message History

Your iron imp hits the orc wizard!
The orc wizard dies!
Your Long Blades skill increases to level 3!
Something hits your iron imp but does no damage.
A hobgoblin comes into view. It is wielding a club.
The hobgoblin shouts!
There is a stone staircase leading up here.
You hit the hobgoblin but do no damage. You block the hobgoblin's attack.
The hobgoblin hits you but does no damage.
You hit the hobgoblin.
The hobgoblin is heavily wounded.
The hobgoblin hits you but does no damage.
Your chain mail prevents you from hitting the hobgoblin.
The hobgoblin is heavily wounded.
The hobgoblin hits you but does no damage.
You slash the hobgoblin!
You kill the hobgoblin!
The orc priest mumbles some strange prayers to Beogh against you.
Beogh smites you!
You die...

#######.#######
.........)....###
#######..####.... #..# #####
#..# #..# # #..########
#...###### #..........
#......@.# ##.########
#...####)# #.# ## ##...##
#5# #.# ##. ..#..# #.# #.#
#.( ....# #.# #.# #..
##.#.###o######.######.#
#####..#.##................#
#.........#.#############..#
#.#.....#.........# #...#


You could see an orc priest and a friendly white imp.

Vanquished Creatures
  A gnoll (D:1)
  2 adders (D:2)
  An ooze (D:1)
  A worm (D:2)
  A dart slug (D:2)
  3 leopard geckos
  2 giant cockroaches (D:2)
  10 goblins
  4 hobgoblins
  2 jackals (D:1)
  6 kobolds
  A quokka (D:2)
  A frilled lizard (D:2)
35 creatures vanquished.

Vanquished Creatures (collateral kills)
  An orc wizard (D:2)
1 creature vanquished.

Grand Total: 36 creatures vanquished

Notes
Turn   | Place    | Note
-------+----------+-------------------------------------------
     0 | D:1      | Kavrick the Demonspawn Fighter began the quest for the Orb.
     0 | D:1      | Reached XP level 1. HP: 18/18 MP: 1/1
   197 | D:1      | Gained mutation: A weak demonic guardian rushes to your aid. [demonic ancestry]
   197 | D:1      | Reached XP level 2. HP: 20/24 MP: 2/2
   495 | D:1      | Reached XP level 3. HP: 28/29 MP: 3/3
  1011 | D:2      | Found a white marble altar of Elyvilon.
  1424 | D:2      | Gained mutation: Your flesh is heat resistant. (rF+) [demonic ancestry]
  1424 | D:2      | Reached XP level 4. HP: 31/35 MP: 4/4
  1444 | D:2      | Found a bloodstained altar of Trog.
  1552 | D:2      | Killed from afar by an orc priest

Vault maps used:
D:1:      arrival_zaba_pyramid, minivault_26
D:2:      old_standard_altar, elyvilon_altar_5

Skill      XL: |  1  2  3  4 |
---------------+-------------+-----
Long Blades    | 2 3 |  3.0
Shields        | 3 |  3.2
Armour         | 3 |  3.2
Fighting       | |  3.5
Dodging        | |  0.1

Action                   |  1- 3 |  4- 6 || total
-------------------------+-------+-------++-------
Melee: Long sword        |   109 |    27 ||   136
  Eat: Chunk             |     2 |       ||     2
Armor: Scale mail        |     2 |       ||     2
       Chain mail        |    57 |    21 ||    78
Dodge: Dodged            |    15 |     3 ||    18
Block: Shield            |    57 |     9 ||    66
       Rpst.: Long sword |     9 |     1 ||    10

Table legend:
 A = Spawn XP
 B = Non-spawn XP
 C = Spawn XP percentage of total XP
 D = Spawn monster count
 E = Non-spawn monster count
 F = Spawn count percentage of total count
 G = Total turns spent on level
                    A         B        C        D         E        F      G
               +---------+---------+-------+---------+---------+-------+---------
         Total |       0 |     138 |   0.0 |       0 |      36 |   0.0 |  1552
               +---------+---------+-------+---------+---------+-------+---------
           D:1 |       0 |      60 |   0.0 |       0 |      22 |   0.0 |   956
           D:2 |       0 |      78 |   0.0 |       0 |      14 |   0.0 |   596
               +---------+---------+-------+---------+---------+-------+---------
